 Dungeon Crawl Stone Soup version 0.27-a0-1196-g3e9cee4cb2 (webtiles) character file.

Game seed: 5850488438760834724

219 pokeman the Magician (level 5, -4/29 HPs)
             Began as a Deep Elf Hedge Wizard on May 28, 2021.
             Slain by an ogre
             ... wielding a +0 giant club
              (33 damage)
             ... on level 3 of the Dungeon.
             The game lasted 00:08:42 (3638 turns).

pokeman the Magician (Deep Elf Hedge Wizard)        Turns: 3638, Time: 00:08:44

Health: -4/29      AC:  3    Str:  7    XL:     5   Next: 64%
Magic:  5/15       EV: 13    Int: 20    God:
Gold:   59         SH:  0    Dex: 14    Spells: 5/16 levels left

rFire    . . .     SeeInvis .   a - +0 dagger
rCold    . . .     Faith    .   (no shield)
rNeg     . . .     Spirit   .   b - +0 robe
rPois    .         Reflect  .   o - +0 helmet
rElec    .         Harm     .   (no cloak)
rCorr    .         Rampage  .   (no gloves)
Will     .....                  (no boots)
Stlth    ++........             (no amulet)
HPRegen  0.09/turn              (no ring)
MPRegen  0.14/turn              (no ring)

@: very slightly contaminated
A: no striking features
a: no special abilities


You were on level 3 of the Dungeon.
You visited 1 branch of the dungeon, and saw 3 of its levels.

You collected 59 gold pieces.

Inventory:

Hand Weapons
 a - a +0 dagger (weapon)
Missiles
 c - 20 bolts
 i - 17 arrows
 j - 17 poisoned darts
Armour
 b - a +0 robe (worn)
 o - a +0 helmet (worn)
Wands
 l - a wand of mindburst (17)
 p - a wand of flame (18)
Scrolls
 d - a scroll of torment {unknown}
 e - a scroll of enchant armour {unknown}
 g - a scroll of identify {unknown}
 h - a scroll of vulnerability {unknown}
 k - a scroll of fog {unknown}
 n - a scroll of teleportation {unknown}
 q - a scroll of blinking {unknown}
Potions
 f - a potion of curing {unknown}
 m - a potion of attraction {unknown}


   Skills:
 - Level 1.1 Fighting
 - Level 1.0 Armour
 - Level 3.0 Dodging
 + Level 2.9 Stealth
 * Level 6.4 Spellcasting
 + Level 2.8 Conjurations
 - Level 1.1 Summonings
 - Level 1.1 Translocations
 - Level 1.1 Fire Magic
 + Level 0.8 Air Magic


You had 5 spell levels left.
You knew the following spells:

 Your Spells              Type           Power      Damage    Failure   Level
a - Magic Dart            Conj           68%        1d6       3%          1
b - Mephitic Cloud        Conj/Pois/Air  11%        N/A       19%         3
c - Call Imp              Summ           10%        N/A       10%         2
d - Blink                 Tloc           N/A        N/A       10%         2
e - Conjure Flame         Conj/Fire      14%        6-21      13%         3

Your spell library contained the following spells:

 Spells                   Type           Power      Damage    Failure   Level
 Slow                     Hex            6%         N/A       16%         2


Dungeon Overview and Level Annotations

Branches:
Dungeon (3/15)

Altars:


Message History

Confirm with . or Enter, or press ? or * to list all spells.
Aiming: Magic Dart (safe; 3% risk of failure)
Press: ? - help, Shift-Dir - straight line, f/p - ogre
Aim: an ogre, wielding a +0 giant club (severely wounded, 100% to hit)
You miscast Magic Dart.
You are very lightly contaminated with residual magic.
Nothing appears to happen.
Casting: Magic Dart (safe; 3% risk of failure)
Confirm with . or Enter, or press ? or * to list all spells.
Aiming: Magic Dart (safe; 3% risk of failure)
Press: ? - help, Shift-Dir - straight line, f/p - ogre
Aim: an ogre, wielding a +0 giant club (severely wounded, 100% to hit)
The magic dart hits the ogre.
The ogre is severely wounded.
The ogre closely misses you.
Casting: Magic Dart (safe; 3% risk of failure)
Confirm with . or Enter, or press ? or * to list all spells.
Aiming: Magic Dart (safe; 3% risk of failure)
Press: ? - help, Shift-Dir - straight line, f/p - ogre
Aim: an ogre, wielding a +0 giant club (severely wounded, 100% to hit)
The magic dart hits the ogre.
The ogre is almost dead.
The ogre misses you.
Casting: Magic Dart (safe; 3% risk of failure)
Confirm with . or Enter, or press ? or * to list all spells.
Aiming: Magic Dart (safe; 3% risk of failure)
Press: ? - help, Shift-Dir - straight line, f/p - ogre
Aim: an ogre, wielding a +0 giant club (almost dead, 100% to hit)
The magic dart hits the ogre.
The ogre is almost dead.
Casting: Magic Dart (safe; 3% risk of failure)
Confirm with . or Enter, or press ? or * to list all spells.
Aiming: Magic Dart (safe; 3% risk of failure)
Press: ? - help, Shift-Dir - straight line, f/p - ogre
Aim: an ogre, wielding a +0 giant club (almost dead, 100% to hit)
The magic dart hits the ogre.
The ogre is almost dead.
The ogre hits you with a +0 giant club!!
Ouch! That really hurt!
You die...

#... #.#
##..##.#!
.......
#####..# .#
#..<...##.#
#.#......######
..
##...........
## #.........).
#...@O..>...
#...........
###.#...####
...!#.#
.#.#.#.#
#.#.#.# # .
#.#.# .. #. .#


You could see an ogre.

Vanquished Creatures
  Jessica (D:2)
  Natasha (thrice) (D:2)
  Robin (D:2)
  3 gnolls
  2 adders (D:2)
  An orc (D:3)
  6 ball pythons
  2 endoplasms (D:1)
  4 giant cockroaches
  5 hobgoblins
  3 jackals
  5 quokkas
  5 bats
  11 goblins
  A kobold (D:1)
  A rat (D:1)
54 creatures vanquished.

Vanquished Creatures (collateral kills)
  A gnoll (D:2)
  2 goblins (D:2)
  2 hobgoblins (D:2)
5 creatures vanquished.

Grand Total: 59 creatures vanquished

Notes
Turn   | Place    | Note
-------+----------+-------------------------------------------
     0 | D:1      | pokeman the Deep Elf Hedge Wizard began the quest for the
                  | Orb.
     0 | D:1      | Reached XP level 1. HP: 10/10 MP: 7/7
   497 | D:1      | Reached XP level 2. HP: 16/16 MP: 4/9
   897 | D:1      | Reached skill level 5 in Spellcasting
  1474 | D:1      | Reached XP level 3. HP: 19/20 MP: 3/11
  1478 | D:1      | Learned a level 3 spell: Mephitic Cloud
  1481 | D:1      | Learned a level 2 spell: Call Imp
  1484 | D:1      | Learned a level 2 spell: Blink
  1488 | D:1      | Learned a level 3 spell: Conjure Flame
  1603 | D:2      | Reached skill level 1 in Armour
  2017 | D:2      | Noticed Jessica
  2026 | D:2      | Killed Jessica
  2027 | D:2      | Reached skill level 1 in Fighting
  2027 | D:2      | Reached XP level 4. HP: 25/25 MP: 7/13
  2088 | D:2      | Noticed Natasha
  2092 | D:2      | Killed Natasha
  2194 | D:2      | Found a faded altar of an unknown god.
  2197 | D:2      | Noticed Natasha
  2215 | D:2      | Killed Natasha
  2305 | D:2      | Noticed Natasha
  2316 | D:2      | Killed Natasha
  2317 | D:2      | Reached skill level 6 in Spellcasting
  2317 | D:2      | Reached skill level 1 in Fire Magic
  2317 | D:2      | Reached XP level 5. HP: 6/29 MP: 4/15
  2380 | D:2      | Noticed Robin
  2664 | D:2      | Killed Robin
  3628 | D:3      | Noticed an ogre
  3638 | D:3      | Slain by an ogre

Illustrated notes

Levels and vault maps discovered:
D:1:      minmay_arrival_widening_spiral_narrow, layout_basic
D:2:      layout_basic, shapermc_ecumenical_altar_totnotflames,
          minmay_mini_jars, uniq_jessica, uniq_robin, uniq_natasha
D:3:      kennysheep_big_flooded_room, layout_basic, lightli_corner_chamber,
          uniq_terence

Skill      XL: |  1  2  3  4 |
---------------+-------------+-----
Spellcasting   | 5 6 |  6.4
Armour         | 1 |  1.0
Fighting       | 1 |  1.1
Conjurations   | 2 |  2.8
Dodging        | 3 |  3.0
Fire Magic     | 1 |  1.1
Stealth        | |  2.9
Summonings     | |  1.1
Translocations | |  1.1
Air Magic      | |  0.8

Action                   |  1- 3 |  4- 6 || total
-------------------------+-------+-------++-------
Melee: Dagger            |     9 |    18 ||    27
 Cast: Magic Dart        |    94 |    81 ||   175
       Mephitic Cloud    |       |     4 ||     4
       Call Imp          |       |     4 ||     4
 Stab: Confused          |       |     4 ||     4
Armor: Robe              |     4 |     9 ||    13
Dodge: Dodged            |    27 |    42 ||    69

Table legend: (Time is in decaauts)
 A = Elapsed time spent in this place.
 B = Non-inter-level travel time spent in this place.
 C = Inter-level travel time spent in this place.
 D = Time resting spent in this place.
 E = Time spent auto-exploring this place.
 F = Levels seen in this place.
 G = Mean time per level.
                   A        B        C        D        E       F      G
               +--------+--------+--------+--------+--------+-----+--------+
         Total |   3639 |   3519 |    120 |    465 |   2586 |   3 | 1213.0 |
       Dungeon |   3639 |   3519 |    120 |    465 |   2586 |   3 | 1213.0 |
               +--------+--------+--------+--------+--------+-----+--------+

Top non-repeatable levels by time:
     D:2: 2193 daAuts
     D:1: 1427 daAuts
     D:3: 18 daAuts
